omghax, neutral male scurrid Tourist ---- ---------...--- ---------.........}?..--- -..............g@.......- -.................................- -.................).[........>..............- ../.............%...................................- ..........?..................................................- ....................................................................%.. |.}/..<.......................................).........................}.| |...................................................!................)....| ---.......`...............................%................%......--------- ---.....................................................--------- ---...........................................--------- ---......................../........-------- ---..........!.......)....-------- ---...}........ -------- ---.. ------- --- omghax the Rambler Experience level: 1 Strength: 8 Dexterity: 13 Constitution: 14 Intelligence: 15 Wisdom: 11 Charisma: 14 Health: 0(9) Energy: 2(2) Def: 0 Gold: 300 Moves: 59 Dungeon seed: wY4PdYYwyrOJf2kJ Game ID: omghax_1498613756 Your Inventory: Coins $ - 300 gold pieces Weapons a - 44 uncursed +2 darts (in quiver) Armor e - an uncursed +0 Hawaiian shirt (being worn) Comestibles b - 6 uncursed food rations c - 3 uncursed chestnuts d - 2 uncursed eggs f - an uncursed cram ration g - an uncursed tin of kobold meat Scrolls i - 4 uncursed scrolls of magic mapping Potions h - 2 uncursed potions of extra healing Wands l - an uncursed wand of secret door detection (0:15) Tools j - an uncursed expensive camera (0:92) k - an uncursed credit card m - an uncursed tin opener Spells and supernatural/magical abilities: Name Level Category Fail Memory W - pray for help -- divine ? -- Your skills at the end: Miscellaneous Skills wands [Basic] Weapon Skills dart [Basic] Spellcasting Skills Final Attributes: You were devoutly aligned. You had infravision. You were very stealthy. You are dead. Voluntary challenges: You went without food. You did not adorn yourself with jewelry or accessories. You did not cause conflict. You were not invisible. You did not have reflection. You were not displaced. You were an atheist. You never hit with a wielded weapon. You were a pacifist. You did not use tools. You did not use plumbed fixtures. You did not drink any magical draughts. You were illiterate. You never genocided any monsters. You never polymorphed an object. You never changed form. You used no wishes. You never split a pudding. You never wrote Elbereth's name. You never violated your personal moral code. Dungeon overview: The Dungeons of Doom: levels 1 to 15 Level 1 a long staircase Level 2 Level 3 Level 4 Level 5 Level 6 Level 7 Level 8 Level 9 Level 10 Level 11 Level 12 Level 13 Level 14 Level 15 <- You were here History has recorded: On T:1 you entered the Dungeons of Doom to retrieve the Amulet of Yendor! On T:27 you reached level 2 of The Dungeons of Doom. On T:29 you reached level 3 of The Dungeons of Doom. On T:31 you reached level 4 of The Dungeons of Doom. On T:34 you reached level 5 of The Dungeons of Doom. On T:36 you reached level 6 of The Dungeons of Doom. On T:38 you reached level 7 of The Dungeons of Doom. On T:40 you reached level 8 of The Dungeons of Doom. On T:43 you reached level 9 of The Dungeons of Doom. On T:45 you reached level 10 of The Dungeons of Doom. On T:49 you reached level 11 of The Dungeons of Doom. On T:51 you reached level 12 of The Dungeons of Doom. On T:53 you reached level 13 of The Dungeons of Doom. On T:55 you reached level 14 of The Dungeons of Doom. On T:58 you reached level 15 of The Dungeons of Doom. Score breakdown: Gold: 0 ( 0 points) Experience: 1 level ( 0 points) Exploration: 15 levels ( 420 points) Discoveries: 0 items ( 0 points) Variety of kills: 0 monsters ( 0 points) Major goal: (nothing yet) ( 0 points) Survival: died (score multiplied by 3) Total score: 1260 Latest messages: You continue digging downward. You dig a pit in the floor. You continue digging downward. You dig a hole through the floor. You fall through... You start digging downward. You continue digging downward. You dig a pit in the floor. You continue digging downward. You dig a hole through the floor. You fall through... You start digging downward. You continue digging downward. You dig a pit in the floor. You continue digging downward. You dig a hole through the floor. You fall through... You start digging downward. You continue digging downward. You dig a pit in the floor. The gremlin claws you! (2x) The gremlin bites! You die... Final status: Aloha omghax the Tourist, killed by a gremlin... You died in The Dungeons of Doom on dungeon level 15 with 1260 points, and 300 pieces of gold, after 59 moves. You were level 1 with a maximum of 9 hit points when you died.